 Dungeon Crawl Stone Soup version 0.32-a0-913-g739538afd8 (webtiles) character file.

Game seed: 10890399153484755538

256 WolfHunter the Trooper (level 5, 0/48 HPs)
             Began as a Minotaur Monk on Apr 8, 2024.
             Was a Priest of Makhleb.
             Slain by an orc warrior
             ... wielding a +0 halberd
              (16 damage)
             ... on level 5 of the Dungeon on Apr 9, 2024.
             The game lasted 00:16:45 (3472 turns).

WolfHunter the Trooper (Minotaur Monk)              Turns: 3472, Time: 00:16:46

Health: 0/48       AC: 11    Str: 17    XL:     5   Next: 92%
Magic:  4/4        EV:  5    Int:  7    God:    Makhleb [***...]
Gold:   168        SH:  0    Dex: 13    Spells: 4/4 levels left

rFire   . . .        a - +0 hand axe
rCold   . . .        d - orb {light}
rNeg    . . .        f - +0 plate armour
rPois   .            (helmet restricted)
rElec   .            (no cloak)
rCorr   .            (no gloves)
SInv    .            (no boots)
Will    .....        (no amulet) Stlth
                     (no ring)
HPRegen 0.28/turn    (no ring)
MPRegen 0.09/turn

%: no passive effects
@: glowing
A: horns 2, retaliatory headbutt
a: Renounce Religion, Minor Destruction, Lesser Servant of Makhleb


You were on level 5 of the Dungeon.
You worshipped Makhleb.
Makhleb was most pleased with you.
You visited 1 branch of the dungeon, and saw 5 of its levels.

You collected 168 gold pieces.

Inventory:

Hand Weapons
 a - a +0 hand axe (weapon)
Armour
 b - a +0 robe
 d - an orb of light (worn)
 f - a +0 plate armour (worn)
 m - a +0 ring mail
 p - a +2 robe of willpower
Wands
 t - a wand of flame (20)
 x - a wand of roots (3)
Scrolls
 e - a scroll of brand weapon
 g - a scroll of noise
 k - 2 scrolls of fog
 n - 3 scrolls of teleportation
 o - a scroll of enchant weapon {unknown}
 q - a scroll of poison {unknown}
 r - a scroll of amnesia {unknown}
Potions
 c - a potion of ambrosia
 i - a potion of cancellation
 j - a potion of berserk rage {unknown}
 l - a potion of attraction
 s - a potion of heal wounds {unknown}
 u - a potion of mutation {unknown}
 v - a potion of enlightenment {unknown}
 w - a potion of brilliance {unknown}


   Skills:
 * Level 5.2 Fighting
 * Level 5.2(5.3) Axes
 * Level 1.7(3.7) Maces & Flails
 * Level 2.6 Armour
 + Level 4.3 Dodging


You had 4 spell levels left.
You didn't know any spells.
Your spell library contained the following spells:

 Spells                   Type           Power      Damage    Failure   Level
 Ensorcelled Hibernation  Hex/Ice        0%         N/A       100%        2
 Passwall                 Erth           0%         N/A       100%        3
 Summon Ice Beast         Ice/Summ       0%         N/A       100%        3
 Swiftness                Air            0%         N/A       100%        3
 Tukima's Dance           Hex            0%         N/A       100%        3
 Passage of Golubria      Tloc           0%         N/A       100%        4
 Summon Mana Viper        Hex/Summ       0%         N/A       100%        5
 Yara's Violent Unravell  Hex/Alch       0%         3d3       100%        5
 Monstrous Menagerie      Summ           0%         N/A       100%        7


Dungeon Overview and Level Annotations

Branches:
Dungeon (5/15)
 Temple: D:4-7

Altars:
Ashenzari
Elyvilon
Makhleb


Innate Abilities, Weirdness & Mutations

You have a pair of horns on your head.
You reflexively headbutt those who attack you in melee.


Message History

The orc warrior attacks as it pursues you!
The orc warrior hits you from afar with a +0 halberd.
* * * LOW HITPOINT WARNING * * *
Aiming: Throw Flame
Press: ? - help, Q - select action, (/) - cycle Shift-Dir - straight line, f - orc wizard
Aim: an orc wizard, wielding a +0 dagger and wearing a +0 robe (severely wounded, haloed, 74% to hit)
The puff of flame hits the orc.
You kill the orc!
Makhleb accepts your kill.
You feel better.
The orc warrior hits you from afar with a +0 halberd.
* * * LOW HITPOINT WARNING * * *
You feel better.
The orc wizard gestures at you while chanting.
The puff of flame hits you.
* * * LOW HITPOINT WARNING * * *
The orc warrior completely misses you.
You hit the orc wizard but do no damage.
You headbutt the orc wizard.
The orc wizard is severely wounded.
The orc wizard gestures wildly while chanting.
The orc wizard flickers and vanishes for a moment.
The orc warrior barely misses you.
Aiming: Throw Flame
Press: ? - help, Q - select action, (/) - cycle Shift-Dir - straight line, f - orc warrior, p - orc wizard
Aim: an orc warrior, wielding a +0 halberd and wearing a +0 plate armour (haloed, 79% to hit)
The puff of flame hits the orc wizard.
The orc wizard is almost dead.
The orc warrior hits you from afar with a +0 halberd.
* * * LOW HITPOINT WARNING * * *
The orc wizard hits you with a +0 dagger.
* * * LOW HITPOINT WARNING * * *
You feel better.
The orc wizard hits you but does no damage.
The orc warrior hits you from afar with a +0 halberd.
You hit the orc wizard but do no damage.
The orc wizard is almost dead.
The orc wizard barely misses you.
The orc warrior hits you from afar with a +0 halberd!
You die...

#.........
##.#######
#.# #.# #.#
##.# #..#
#[####+####
#@o)).....+
#.#o#...#.#
#.#.# _.#
#.#.# .#
#.+.. ..
##### ##


You could see an orc warrior and an orc wizard (invisible).

Vanquished Creatures
  Ijyb (D:3)
  Terence (D:2)
  Robin (D:2)
  4 gnolls (D:4)
  5 adders
  3 dart slugs
  2 ribbon worms
  5 orcs
  5 endoplasms
  3 giant cockroaches
  23 goblins
  7 hobgoblins
  2 jackals (D:1)
  7 kobolds
  A quokka (D:2)
  8 ball pythons
  12 bats
  A frilled lizard (D:3)
  5 rats
96 creatures vanquished.

Notes
Turn   | Place    | Note
-------+----------+-------------------------------------------
     0 | D:1      | WolfHunter the Minotaur Monk began the quest for the Orb.
     0 | D:1      | Reached XP level 1. HP: 19/19 MP: 0/0
    69 | D:1      | Reached XP level 2. HP: 21/27 MP: 1/1
   582 | D:1      | Reached XP level 3. HP: 32/33 MP: 2/2
  1059 | D:2      | Noticed Terence
  1066 | D:2      | Killed Terence
  1067 | D:2      | Reached XP level 4. HP: 39/41 MP: 3/3
  1089 | D:2      | Noticed Robin
  1112 | D:2      | Killed Robin
  1113 | D:2      | Reached skill level 1 in Maces & Flails
  1347 | D:2      | Reached skill level 1 in Armour
  1590 | D:3      | Noticed Ijyb
  1596 | D:3      | Killed Ijyb
  1597 | D:3      | Reached XP level 5. HP: 34/47 MP: 4/4
  1609 | D:3      | Found a faded altar of an unknown god.
  1616 | D:3      | Prayed at the altar of an unknown god.
  1616 | D:3      | Became a worshipper of Makhleb the Destroyer
  1616 | D:3      | Reached * piety under Makhleb
  1616 | D:3      | Reached ** piety under Makhleb
  2006 | D:3      | Reached *** piety under Makhleb
  2435 | D:4      | Reached skill level 5 in Axes
  2482 | D:4      | Reached skill level 5 in Fighting
  2823 | D:4      | Found a white marble altar of Elyvilon.
  3445 | D:5      | Entered Level 5 of the Dungeon
  3456 | D:5      | Noticed an orc warrior
  3458 | D:5      | Found a broken altar of Ashenzari.
  3472 | D:5      | Slain by an orc warrior

Illustrated notes

Levels and vault maps discovered:
D:1:      beargit_arrival_greenhouse, layout_basic
D:2:      layout_loops_cross, uniq_robin, uniq_terence
D:3:      layout_basic, hellmonk_ecumenical_altar_run_dry, uniq_ijyb
D:4:      layout_basic, nicolae_elyvilon_temple_path,
          hangedman_abyss_or_decor_stabs
D:5:      layout_loops_ring, mainiacjoe_overflow_six_doors_small,
          minmay_temple_entry_glassed_door

Skill      XL: |  1  2  3  4  5 |
---------------+----------------+-----
Fighting       | 4 5 |  5.2
Axes           | 4 5 |  5.2
Dodging        | 4 |  4.3
Maces & Flails | 1 |  1.7
Armour         | 1 2 |  2.6

Action                     |  1- 3 |  4- 6 || total
---------------------------+-------+-------++-------
  Melee: Hand axe          |    56 |   145 ||   201
         Headbutt          |    10 |    35 ||    45
  Evoke: Wand              |       |     4 ||     4
    Use: Scroll            |     1 |     5 ||     6
         Potion            |       |     4 ||     4
 Armour: Robe              |    32 |       ||    32
         Ring mail         |    16 |    77 ||    93
         Plate armour      |       |    72 ||    72
  Dodge: Dodged            |    48 |    91 ||   139

Table legend: (Time is in decaauts)
 A = Elapsed time spent in this place.
 B = Non-inter-level travel time spent in this place.
 C = Inter-level travel time spent in this place.
 D = Time resting spent in this place.
 E = Time spent auto-exploring this place.
 F = Levels seen in this place.
 G = Mean time per level.
                   A        B        C        D        E       F      G
               +--------+--------+--------+--------+--------+-----+--------+
         Total |   3484 |   3474 |     10 |      0 |   2196 |   5 |  696.8 |
       Dungeon |   3484 |   3474 |     10 |      0 |   2196 |   5 |  696.8 |
               +--------+--------+--------+--------+--------+-----+--------+

Top non-repeatable levels by time:
     D:4: 1045 daAuts
     D:3: 877 daAuts
     D:2: 821 daAuts
     D:1: 713 daAuts
     D:5: 26 daAuts
